[ AOE2 MATCH · #472363671 ]
UnrankedMalay vs Cumans
[ REPLAY ANALYSIS · EXTRACTED FROM THE RECORDED GAME ]
Feudal
12:47
Castle
26:22
Imperial
37:29
| APM avg | 24.9 |
| APM peak | 51 |
| eAPM avg | 17.0 |
| Villagers / military | 99 / 136 |
Focus
⚔️ 18.3% · 🌾 81.7%
Karambit Warrior ×123 · Militia ×8 · Monk ×2 · Battering Ram ×2 · Mangonel ×1
Feudal
16:56
Castle
28:34
Imperial
41:06
| APM avg | 12.9 |
| APM peak | 38 |
| eAPM avg | 9.8 |
| Villagers / military | 78 / 56 |
Focus
⚔️ 31.1% · 🌾 68.9%
Militia ×55 · Monk ×1
Feudal
18:31
Castle
35:16
Imperial
—
| APM avg | 23.4 |
| APM peak | 57 |
| eAPM avg | 14.1 |
| Villagers / military | 91 / 26 |
Focus
⚔️ 21.0% · 🌾 79.0%
Steppe Lancer ×23 · Monk ×1 · Knight ×1 · Camel Scout ×1
Feudal
14:08
Castle
26:05
Imperial
35:42
| APM avg | 17.1 |
| APM peak | 75 |
| eAPM avg | 9.3 |
| Villagers / military | 65 / 89 |
Focus
⚔️ 18.1% · 🌾 81.9%
Genoese Crossbowman ×75 · Archer ×11 · Trade Cart ×8 · Trebuchet (Packed) ×3
Feudal
13:54
Castle
26:34
Imperial
41:49
| APM avg | 14.7 |
| APM peak | 36 |
| eAPM avg | 10.4 |
| Villagers / military | 83 / 44 |
Focus
⚔️ 19.9% · 🌾 80.1%
Skirmisher ×18 · Trade Cart ×11 · Scout Cavalry ×8 · Spearman ×7 · Conquistador ×6 · Missionary ×4
Feudal
13:39
Castle
19:31
Imperial
33:06
| APM avg | 15.5 |
| APM peak | 37 |
| eAPM avg | 11.5 |
| Villagers / military | 116 / 80 |
Focus
⚔️ 20.0% · 🌾 80.0%
Mangudai ×54 · Scout Cavalry ×20 · Trade Cart ×11 · Trebuchet (Packed) ×4 · Monk ×1 · Mangonel ×1
Feudal
10:24
Castle
14:25
Imperial
—
| APM avg | 10.8 |
| APM peak | 55 |
| eAPM avg | 5.7 |
| Villagers / military | 89 / 0 |
Focus
⚔️ 14.5% · 🌾 85.5%
Feudal
12:17
Castle
19:13
Imperial
33:07
| APM avg | 18.5 |
| APM peak | 51 |
| eAPM avg | 14.6 |
| Villagers / military | 155 / 135 |
Focus
⚔️ 34.4% · 🌾 65.6%
Hand Cannoneer ×53 · Camel Scout ×33 · Scout Cavalry ×32 · Trebuchet (Packed) ×8 · Monk ×7 · Bombard Cannon ×2
Match map
Initial resources + every placement click. Lines = walls · curves = elevation contours. ◆ gold · ⬟ stone · ● berries · ✦ relic · ◌ wall gap
Your base· ✓ Closed at 26:22 · 27t walls · 2 gate(s)
vevix22's base· ✓ Closed at 28:34 · 49t walls · 1 gate(s)
AVADIFUX's base· ✓ Closed at 35:16 · 27t walls · no gate
Tuấn Anh's base· ✓ Closed at 26:05 · 25t walls · 1 gate(s)
Trakturek《🚜》Zetturek's base· ✓ Closed at 26:34 · 6t walls · no gate
Deepthroat's base· ✓ Closed at 19:31 · 37t walls · 2 gate(s)
Rookie's base· ✓ Closed at 14:25 · 11t walls · no gate
Murtaent's base· ✓ Closed at 19:13 · 0t walls · no gate
Smoothed initial terrain · ◌ = detected wall gap · hover for details
Inputs per minute
— King Johan III - - vevix22
Build order — King Johan III
First 150 of 274 actions detected
| 0:01 | Create | Villager (Male) |
| 0:01 | Create | Villager (Male) |
| 0:02 | Create | Villager (Male) |
| 0:02 | Create | Villager (Male) |
| 0:05 | Build | House |
| 0:07 | Build | House |
| 0:59 | Build | Palisade Wall |
| 1:00 | Build | Palisade Wall |
| 1:19 | Build | House |
| 1:28 | Build | Palisade Gate |
| 1:48 | Create | Villager (Male) |
| 2:31 | Create | Villager (Male) |
| 3:14 | Create | Villager (Male) |
| 3:14 | Create | Villager (Male) |
| 4:21 | Create | Villager (Male) |
| 4:21 | Create | Villager (Male) |
| 4:32 | Create | Villager (Male) |
| 4:38 | Build | Lumber Camp |
| 6:00 | Create | Villager (Male) |
| 6:00 | Create | Villager (Male) |
| 6:27 | Create | Villager (Male) |
| 6:47 | Build | Barracks |
| 6:54 | Create | Villager (Male) |
| 7:21 | Build | Palisade Wall |
| 7:37 | Build | House |
| 7:47 | Create | Villager (Male) |
| 7:52 | Create | Militia |
| 8:22 | Create | Militia |
| 8:43 | Build | Mill |
| 8:45 | Create | Villager (Male) |
| 9:31 | Build | Mill |
| 9:35 | Create | Villager (Male) |
| 9:36 | Create | Villager (Male) |
| 10:00 | Create | Villager (Male) |
| 11:16 | Build | Mining Camp |
| 11:29 | Research | Feudal Age |
| 11:52 | Create | Villager (Male) |
| 11:54 | Create | Villager (Male) |
| 12:00 | Create | Militia |
| 12:00 | Create | Militia |
| 12:11 | Build | House |
| 12:15 | Build | House |
| 12:47 | Age | Feudal Age |
| 12:47 | Research | Man-at-Arms (upgrade) |
| 13:15 | Build | Barracks |
| 13:20 | Create | Villager (Male) |
| 13:21 | Create | Villager (Male) |
| 13:33 | Create | Militia |
| 13:36 | Research | Double-Bit Axe |
| 13:43 | Create | Villager (Male) |
| 14:14 | Build | House |
| 14:16 | Build | House |
| 14:26 | Research | Arson |
| 14:33 | Build | Mining Camp |
| 14:47 | Build | Lumber Camp |
| 14:56 | Create | Villager (Male) |
| 14:56 | Create | Villager (Male) |
| 14:59 | Research | Loom |
| 15:01 | Create | Villager (Male) |
| 15:17 | Create | Militia |
| 15:50 | Research | Horse Collar |
| 16:04 | Build | Farm |
| 16:11 | Build | Farm |
| 16:13 | Build | Farm |
| 16:14 | Build | Farm |
| 17:10 | Create | Militia |
| 17:19 | Build | Farm |
| 17:20 | Build | Farm |
| 17:22 | Build | Farm |
| 17:23 | Build | Farm |
| 17:25 | Build | Farm |
| 17:57 | Create | Villager (Male) |
| 18:29 | Create | Militia |
| 18:44 | Create | Villager (Male) |
| 19:16 | Create | Villager (Male) |
| 19:24 | Create | Villager (Male) |
| 19:35 | Build | Market |
| 19:40 | Build | Blacksmith |
| 19:46 | Create | Villager (Male) |
| 19:51 | Build | Farm |
| 19:52 | Build | Farm |
| 19:53 | Build | Farm |
| 19:54 | Build | Farm |
| 19:55 | Build | Farm |
| 19:57 | Build | Farm |
| 19:58 | Build | Farm |
| 19:59 | Build | Farm |
| 20:06 | Build | Farm |
| 20:08 | Create | Villager (Male) |
| 20:23 | Create | Villager (Male) |
| 20:57 | Create | Villager (Male) |
| 21:13 | Create | Villager (Male) |
| 21:14 | Create | Villager (Male) |
| 21:24 | Build | House |
| 21:26 | Build | House |
| 21:27 | Build | House |
| 21:28 | Build | House |
| 22:30 | Build | Stone Wall |
| 22:51 | Create | Villager (Male) |
| 23:11 | Build | Stone Wall |
| 23:13 | Build | Gate |
| 23:21 | Build | Stone Wall |
| 23:31 | Create | Villager (Male) |
| 23:41 | Build | Farm |
| 23:43 | Build | Farm |
| 23:44 | Build | Farm |
| 23:46 | Build | Farm |
| 23:50 | Create | Villager (Male) |
| 23:51 | Create | Villager (Male) |
| 24:25 | Build | Palisade Wall |
| 24:31 | Build | House |
| 24:40 | Research | Castle Age |
| 24:50 | Research | Gold Mining |
| 25:02 | Build | Mining Camp |
| 25:05 | Create | Villager (Male) |
| 25:33 | Research | Stone Mining |
| 25:37 | Build | House |
| 25:52 | Create | Villager (Male) |
| 26:20 | Create | Villager (Male) |
| 26:22 | Age | Castle Age |
| 26:31 | Build | Town Center |
| 26:33 | Create | Villager (Male) |
| 26:33 | Create | Villager (Male) |
| 26:46 | Research | Squires |
| 26:50 | Research | Forging |
| 26:53 | Create | Villager (Male) |
| 26:58 | Research | Bow Saw |
| 27:09 | Research | Heavy Plow |
| 27:24 | Create | Villager (Male) |
| 27:33 | Create | Villager (Male) |
| 28:06 | Build | Farm |
| 28:07 | Build | Farm |
| 28:08 | Build | Farm |
| 28:09 | Build | Farm |
| 28:15 | Create | Villager (Male) |
| 28:16 | Create | Villager (Male) |
| 28:17 | Research | Wheelbarrow |
| 28:20 | Create | Villager (Male) |
| 28:25 | Create | Villager (Male) |
| 28:31 | Research | Wheelbarrow |
| 28:31 | Create | Villager (Male) |
| 28:32 | Create | Villager (Male) |
| 28:44 | Build | Farm |
| 28:44 | Build | Farm |
| 28:46 | Build | Farm |
| 28:48 | Build | Farm |
| 28:50 | Build | Farm |
| 28:50 | Build | Farm |
| 28:51 | Build | Farm |
| 28:55 | Create | Villager (Male) |
Build order — vevix22
First 150 of 261 actions detected
| 0:06 | Build | House |
| 0:07 | Build | House |
| 0:10 | Create | Villager (Male) |
| 0:11 | Create | Villager (Male) |
| 0:11 | Create | Villager (Male) |
| 0:11 | Create | Villager (Male) |
| 0:13 | Research | Loom |
| 0:35 | Create | Villager (Male) |
| 0:35 | Create | Villager (Male) |
| 1:31 | Build | Palisade Wall |
| 1:36 | Build | Palisade Wall |
| 1:40 | Build | Palisade Wall |
| 4:32 | Create | Villager (Male) |
| 4:33 | Create | Villager (Male) |
| 4:33 | Create | Villager (Male) |
| 4:34 | Create | Villager (Male) |
| 6:23 | Build | Palisade Wall |
| 6:40 | Create | Villager (Male) |
| 6:40 | Create | Villager (Male) |
| 6:40 | Create | Villager (Male) |
| 7:10 | Create | Villager (Male) |
| 7:52 | Create | Villager (Male) |
| 7:53 | Create | Villager (Male) |
| 8:34 | Build | Palisade Wall |
| 8:40 | Build | Palisade Wall |
| 9:27 | Build | Palisade Wall |
| 9:48 | Build | Mill |
| 9:59 | Create | Villager (Male) |
| 9:59 | Create | Villager (Male) |
| 10:01 | Create | Villager (Male) |
| 10:33 | Build | Palisade Wall |
| 10:42 | Build | Palisade Wall |
| 11:04 | Build | Palisade Gate |
| 11:13 | Build | Palisade Wall |
| 11:14 | Build | Palisade Wall |
| 11:38 | Build | House |
| 11:38 | Build | House |
| 11:47 | Build | Lumber Camp |
| 12:09 | Build | Outpost |
| 12:13 | Build | Outpost |
| 12:30 | Create | Villager (Male) |
| 12:31 | Create | Villager (Male) |
| 12:31 | Create | Villager (Male) |
| 12:31 | Create | Villager (Male) |
| 13:31 | Build | Barracks |
| 14:38 | Build | Mining Camp |
| 14:46 | Research | Feudal Age |
| 16:06 | Create | Villager (Male) |
| 16:06 | Create | Villager (Male) |
| 16:07 | Create | Villager (Male) |
| 16:08 | Create | Villager (Male) |
| 16:56 | Age | Feudal Age |
| 17:02 | Create | Militia |
| 17:02 | Create | Militia |
| 17:51 | Build | House |
| 17:52 | Build | House |
| 17:53 | Build | House |
| 17:54 | Build | House |
| 18:47 | Create | Militia |
| 18:47 | Create | Militia |
| 19:17 | Build | Farm |
| 19:17 | Build | Farm |
| 19:17 | Build | Farm |
| 19:18 | Build | Farm |
| 19:19 | Build | Farm |
| 19:20 | Build | Farm |
| 20:02 | Create | Militia |
| 20:02 | Create | Militia |
| 20:10 | Build | Farm |
| 20:23 | Build | Farm |
| 22:49 | Build | Farm |
| 22:49 | Build | Farm |
| 22:50 | Build | Farm |
| 22:52 | Create | Villager (Male) |
| 22:52 | Create | Villager (Male) |
| 22:53 | Create | Villager (Male) |
| 22:53 | Create | Villager (Male) |
| 22:53 | Create | Villager (Male) |
| 22:55 | Create | Villager (Male) |
| 23:56 | Build | Market |
| 24:04 | Build | Blacksmith |
| 24:12 | Build | Farm |
| 24:50 | Build | Farm |
| 25:06 | Build | Mining Camp |
| 25:48 | Build | Farm |
| 25:54 | Research | Castle Age |
| 26:36 | Research | Horse Collar |
| 26:41 | Research | Double-Bit Axe |
| 26:45 | Research | Gold Mining |
| 27:02 | Research | Stone Mining |
| 27:05 | Research | Forging |
| 27:06 | Research | Scale Mail Armor |
| 27:07 | Research | Scale Barding Armor |
| 27:08 | Research | Fletching |
| 27:09 | Research | Padded Archer Armor |
| 27:33 | Create | Villager (Male) |
| 27:33 | Create | Villager (Male) |
| 27:33 | Create | Villager (Male) |
| 28:34 | Age | Castle Age |
| 29:04 | Build | Town Center |
| 29:22 | Build | Farm |
| 29:34 | Create | Villager (Male) |
| 29:34 | Create | Villager (Male) |
| 29:34 | Create | Villager (Male) |
| 29:37 | Create | Villager (Male) |
| 29:37 | Create | Villager (Male) |
| 29:42 | Research | Iron Casting |
| 29:43 | Research | Chain Mail Armor |
| 29:44 | Research | Bodkin Arrow |
| 30:02 | Build | Farm |
| 30:08 | Create | Villager (Male) |
| 30:09 | Create | Villager (Male) |
| 30:13 | Create | Villager (Male) |
| 30:13 | Create | Villager (Male) |
| 30:14 | Create | Villager (Male) |
| 30:16 | Create | Villager (Male) |
| 30:16 | Create | Villager (Male) |
| 30:25 | Build | Farm |
| 30:38 | Create | Villager (Male) |
| 30:39 | Create | Villager (Male) |
| 30:41 | Create | Villager (Male) |
| 30:42 | Create | Villager (Male) |
| 30:55 | Research | Gambesons |
| 31:26 | Research | Squires |
| 31:27 | Research | Arson |
| 31:52 | Build | Town Center |
| 32:06 | Research | Gold Shaft Mining |
| 32:26 | Create | Villager (Male) |
| 32:26 | Create | Villager (Male) |
| 32:29 | Create | Villager (Male) |
| 32:37 | Create | Militia |
| 32:37 | Create | Militia |
| 33:05 | Build | University |
| 33:17 | Build | House |
| 33:18 | Build | House |
| 33:18 | Build | House |
| 33:19 | Build | House |
| 33:58 | Create | Villager (Male) |
| 33:58 | Create | Villager (Male) |
| 33:58 | Create | Villager (Male) |
| 33:58 | Create | Villager (Male) |
| 34:03 | Research | Wheelbarrow |
| 34:04 | Research | Town Watch |
| 34:38 | Build | Farm |
| 34:42 | Build | Farm |
| 34:47 | Build | Farm |
| 35:22 | Build | Farm |
| 35:23 | Build | Farm |
| 35:28 | Build | Farm |
| 35:37 | Create | Villager (Male) |
Build order — AVADIFUX
First 150 of 219 actions detected
| 0:07 | Build | House |
| 0:13 | Create | Villager (Male) |
| 0:14 | Create | Villager (Male) |
| 0:14 | Create | Villager (Male) |
| 0:14 | Create | Villager (Male) |
| 0:14 | Create | Villager (Male) |
| 0:14 | Create | Villager (Male) |
| 0:36 | Build | House |
| 0:54 | Build | House |
| 1:18 | Research | Loom |
| 1:54 | Create | Villager (Male) |
| 1:54 | Create | Villager (Male) |
| 1:54 | Create | Villager (Male) |
| 4:21 | Create | Villager (Male) |
| 4:38 | Create | Villager (Male) |
| 4:38 | Create | Villager (Male) |
| 5:29 | Create | Villager (Male) |
| 6:00 | Build | Palisade Wall |
| 6:13 | Create | Villager (Male) |
| 7:10 | Create | Villager (Male) |
| 7:10 | Create | Villager (Male) |
| 8:38 | Build | Palisade Wall |
| 8:43 | Create | Villager (Male) |
| 8:43 | Create | Villager (Male) |
| 9:40 | Create | Villager (Male) |
| 9:40 | Create | Villager (Male) |
| 12:25 | Create | Villager (Male) |
| 12:26 | Create | Villager (Male) |
| 13:09 | Create | Villager (Male) |
| 13:21 | Build | House |
| 13:49 | Build | Mining Camp |
| 13:56 | Create | Villager (Male) |
| 14:05 | Create | Villager (Male) |
| 15:08 | Build | Mill |
| 15:10 | Create | Villager (Male) |
| 15:21 | Build | House |
| 16:21 | Research | Feudal Age |
| 16:38 | Build | Lumber Camp |
| 16:57 | Build | Farm |
| 17:06 | Build | Farm |
| 17:06 | Build | Farm |
| 17:06 | Build | Farm |
| 17:06 | Build | Farm |
| 17:06 | Build | Farm |
| 17:21 | Build | Farm |
| 18:24 | Build | Palisade Wall |
| 18:30 | Build | Farm |
| 18:31 | Age | Feudal Age |
| 20:45 | Build | Town Center |
| 20:48 | Create | Villager (Male) |
| 21:27 | Build | House |
| 21:30 | Build | House |
| 21:33 | Build | Palisade Wall |
| 21:55 | Create | Villager (Male) |
| 22:50 | Create | Villager (Male) |
| 22:50 | Create | Villager (Male) |
| 22:52 | Create | Villager (Male) |
| 24:03 | Build | House |
| 24:08 | Build | House |
| 24:10 | Build | Palisade Wall |
| 24:21 | Build | Mining Camp |
| 24:38 | Create | Villager (Male) |
| 24:38 | Create | Villager (Male) |
| 24:39 | Create | Villager (Male) |
| 24:51 | Create | Villager (Male) |
| 24:52 | Create | Villager (Male) |
| 24:53 | Create | Villager (Male) |
| 25:27 | Create | Villager (Male) |
| 25:33 | Research | Double-Bit Axe |
| 25:35 | Create | Villager (Male) |
| 25:36 | Create | Villager (Male) |
| 25:38 | Create | Villager (Male) |
| 25:39 | Create | Villager (Male) |
| 25:59 | Create | Villager (Male) |
| 26:25 | Create | Villager (Male) |
| 26:36 | Build | Market |
| 26:41 | Build | Lumber Camp |
| 26:45 | Build | Mill |
| 26:47 | Create | Villager (Male) |
| 26:48 | Create | Villager (Male) |
| 26:51 | Create | Villager (Male) |
| 26:53 | Create | Villager (Male) |
| 27:18 | Build | Farm |
| 27:36 | Build | Farm |
| 27:43 | Build | Farm |
| 27:50 | Create | Villager (Male) |
| 27:54 | Build | Farm |
| 28:02 | Create | Villager (Male) |
| 28:03 | Create | Villager (Male) |
| 28:49 | Create | Villager (Male) |
| 28:52 | Build | Blacksmith |
| 28:56 | Create | Villager (Male) |
| 28:58 | Build | Farm |
| 28:59 | Build | Farm |
| 28:59 | Build | Farm |
| 29:01 | Build | Farm |
| 29:03 | Create | Villager (Male) |
| 29:10 | Create | Villager (Male) |
| 29:11 | Create | Villager (Male) |
| 29:15 | Create | Villager (Male) |
| 29:24 | Research | Horse Collar |
| 29:37 | Build | House |
| 29:39 | Build | House |
| 29:58 | Research | Wheelbarrow |
| 30:06 | Create | Villager (Male) |
| 30:06 | Create | Villager (Male) |
| 30:07 | Create | Villager (Male) |
| 30:07 | Create | Villager (Male) |
| 30:49 | Create | Villager (Male) |
| 30:57 | Build | House |
| 30:59 | Build | House |
| 31:00 | Build | House |
| 31:45 | Create | Villager (Male) |
| 32:05 | Create | Villager (Male) |
| 32:06 | Create | Villager (Male) |
| 32:14 | Build | Mill |
| 32:35 | Research | Castle Age |
| 32:39 | Create | Villager (Male) |
| 34:26 | Research | Forging |
| 35:16 | Age | Castle Age |
| 35:33 | Build | Barracks |
| 35:37 | Build | Barracks |
| 35:43 | Research | Hand Cart |
| 35:46 | Create | Villager (Male) ×5 |
| 35:55 | Build | Town Center |
| 36:16 | Build | Stable |
| 36:19 | Build | Stable |
| 36:22 | Build | Stable |
| 36:36 | Create | Villager (Male) |
| 36:36 | Create | Villager (Male) |
| 37:02 | Create | Villager (Male) |
| 37:17 | Build | Monastery |
| 37:34 | Build | University |
| 37:37 | Build | Farm |
| 37:38 | Build | Farm |
| 37:38 | Build | Farm |
| 37:38 | Build | Farm |
| 37:38 | Build | Farm |
| 37:39 | Build | Farm |
| 37:39 | Build | Farm |
| 37:50 | Create | Monk |
| 38:01 | Create | Steppe Lancer |
| 38:01 | Create | Steppe Lancer |
| 38:01 | Create | Steppe Lancer |
| 38:02 | Research | Bloodlines |
| 38:14 | Create | Villager (Male) |
| 38:15 | Create | Villager (Male) |
| 38:20 | Build | Farm |
| 38:20 | Build | Farm |
| 38:20 | Build | Farm |
Build order — Tuấn Anh
First 150 of 177 actions detected
| 0:17 | Build | Palisade Wall |
| 0:20 | Research | Loom |
| 0:21 | Create | Villager (Male) ×4 |
| 0:27 | Build | House |
| 0:29 | Build | House |
| 0:30 | Build | House |
| 0:31 | Build | House |
| 2:52 | Create | Villager (Male) |
| 2:52 | Create | Villager (Male) |
| 4:03 | Create | Villager (Male) |
| 4:03 | Create | Villager (Male) |
| 4:08 | Create | Villager (Male) |
| 4:09 | Create | Villager (Male) |
| 4:54 | Create | Villager (Male) |
| 5:46 | Create | Villager (Male) |
| 5:47 | Create | Villager (Male) |
| 5:47 | Create | Villager (Male) |
| 6:16 | Build | Mill |
| 6:19 | Create | Villager (Male) |
| 6:19 | Create | Villager (Male) |
| 7:08 | Create | Villager (Male) |
| 7:08 | Create | Villager (Male) |
| 7:08 | Create | Villager (Male) |
| 7:30 | Create | Villager (Male) |
| 7:30 | Create | Villager (Male) |
| 8:00 | Build | Mining Camp |
| 8:02 | Create | Villager (Male) |
| 8:03 | Create | Villager (Male) |
| 8:03 | Create | Villager (Male) |
| 8:37 | Build | Lumber Camp |
| 8:45 | Create | Villager (Male) |
| 8:45 | Create | Villager (Male) |
| 9:33 | Create | Villager (Male) |
| 9:34 | Create | Villager (Male) |
| 9:34 | Create | Villager (Male) |
| 9:34 | Create | Villager (Male) |
| 11:37 | Build | Barracks |
| 11:58 | Research | Feudal Age |
| 11:59 | Research | Feudal Age |
| 12:45 | Build | House |
| 12:47 | Build | House |
| 12:48 | Build | House |
| 12:49 | Build | House |
| 12:50 | Build | House |
| 12:51 | Build | House |
| 13:34 | Build | Farm |
| 13:40 | Build | Farm |
| 14:08 | Age | Feudal Age |
| 14:17 | Build | Market |
| 14:20 | Research | Wheelbarrow |
| 14:24 | Research | Double-Bit Axe |
| 14:25 | Create | Villager (Male) |
| 14:26 | Create | Villager (Male) |
| 14:26 | Create | Villager (Male) |
| 14:40 | Build | Stone Wall |
| 14:47 | Build | Gate |
| 16:09 | Build | Farm |
| 16:28 | Build | Archery Range |
| 16:30 | Build | Farm |
| 16:55 | Create | Villager (Male) |
| 16:55 | Create | Villager (Male) |
| 16:56 | Create | Villager (Male) |
| 16:56 | Create | Villager (Male) |
| 17:27 | Create | Archer ×5 |
| 17:37 | Build | Blacksmith |
| 17:41 | Build | Farm |
| 17:44 | Create | Villager (Male) |
| 17:44 | Create | Villager (Male) |
| 17:44 | Create | Villager (Male) |
| 17:45 | Create | Villager (Male) |
| 17:47 | Build | Farm |
| 18:22 | Build | Farm |
| 19:03 | Build | Farm |
| 19:11 | Create | Villager (Male) |
| 19:11 | Create | Villager (Male) |
| 19:12 | Create | Villager (Male) |
| 19:12 | Create | Villager (Male) |
| 19:20 | Research | Fletching |
| 19:31 | Build | Farm |
| 19:35 | Build | Farm |
| 19:39 | Build | Farm |
| 19:55 | Create | Archer |
| 19:55 | Create | Archer |
| 20:06 | Build | Farm |
| 20:20 | Build | Farm |
| 20:33 | Research | Padded Archer Armor |
| 21:07 | Create | Archer |
| 21:07 | Create | Archer |
| 21:08 | Create | Archer |
| 21:49 | Build | Mining Camp |
| 23:25 | Research | Castle Age |
| 23:27 | Build | Farm |
| 23:30 | Build | Farm |
| 24:38 | Create | Archer |
| 26:05 | Age | Castle Age |
| 26:09 | Build | Castle |
| 26:13 | Research | Bodkin Arrow |
| 26:14 | Research | Leather Archer Armor |
| 26:19 | Research | Town Watch |
| 26:20 | Research | Hand Cart |
| 26:22 | Research | Horse Collar |
| 26:27 | Build | Town Center |
| 27:18 | Research | Bow Saw |
| 27:22 | Research | Gold Mining |
| 27:24 | Research | Stone Mining |
| 27:38 | Create | Villager (Male) |
| 27:38 | Create | Villager (Male) |
| 27:39 | Create | Villager (Male) |
| 27:39 | Create | Villager (Male) |
| 27:40 | Create | Villager (Male) |
| 27:51 | Create | Villager (Male) |
| 27:51 | Create | Villager (Male) |
| 27:51 | Create | Villager (Male) |
| 27:59 | Create | Villager (Male) |
| 27:59 | Create | Villager (Male) |
| 28:30 | Create | Villager (Male) |
| 28:31 | Create | Villager (Male) |
| 28:40 | Build | Mining Camp |
| 29:12 | Build | Farm |
| 29:16 | Build | Farm |
| 29:19 | Build | Farm |
| 29:24 | Build | Farm |
| 29:27 | Create | Villager (Male) |
| 29:32 | Create | Villager (Male) |
| 29:55 | Build | Farm |
| 30:30 | Build | House |
| 30:32 | Build | House |
| 30:34 | Build | House |
| 30:36 | Build | House |
| 30:37 | Build | House |
| 30:39 | Build | House |
| 30:41 | Build | House |
| 30:43 | Build | House |
| 30:44 | Build | House |
| 30:45 | Build | House |
| 30:50 | Create | Villager (Male) |
| 30:51 | Create | Villager (Male) |
| 30:51 | Create | Villager (Male) |
| 30:52 | Create | Villager (Male) |
| 30:57 | Create | Villager (Male) |
| 31:04 | Create | Villager (Male) |
| 31:28 | Research | Heavy Plow |
| 31:41 | Build | Mining Camp |
| 31:53 | Build | Lumber Camp |
| 32:06 | Build | Lumber Camp |
| 32:32 | Research | Imperial Age |
| 32:56 | Create | Genoese Crossbowman ×3 |
| 32:56 | Create | Genoese Crossbowman ×3 |
| 35:06 | Create | Genoese Crossbowman ×5 |
| 35:31 | Build | Castle |
Build order — Trakturek《🚜》Zetturek
First 150 of 248 actions detected
| 0:03 | Create | Villager (Male) |
| 0:04 | Create | Villager (Male) |
| 0:04 | Create | Villager (Male) |
| 0:04 | Create | Villager (Male) |
| 0:05 | Build | House |
| 0:07 | Build | House |
| 0:31 | Research | Loom |
| 0:44 | Build | House |
| 0:47 | Build | House |
| 0:49 | Build | House |
| 2:29 | Create | Villager (Male) |
| 2:30 | Create | Villager (Male) |
| 2:30 | Create | Villager (Male) |
| 3:34 | Create | Villager (Male) |
| 4:45 | Build | Mill |
| 4:47 | Create | Villager (Male) |
| 4:47 | Create | Villager (Male) |
| 4:48 | Create | Villager (Male) |
| 4:48 | Create | Villager (Male) |
| 6:27 | Build | Palisade Wall |
| 6:42 | Create | Villager (Male) |
| 6:43 | Create | Villager (Male) |
| 6:43 | Create | Villager (Male) |
| 6:59 | Build | Palisade Wall |
| 6:59 | Build | Palisade Wall |
| 7:00 | Build | Palisade Wall |
| 7:01 | Build | Palisade Wall |
| 7:05 | Create | Villager (Male) |
| 7:53 | Create | Villager (Male) |
| 7:53 | Create | Villager (Male) |
| 7:54 | Create | Villager (Male) |
| 9:23 | Build | House |
| 10:41 | Build | Lumber Camp |
| 10:47 | Create | Villager (Male) |
| 11:05 | Build | House |
| 11:07 | Build | House |
| 11:08 | Build | House |
| 11:44 | Research | Feudal Age |
| 11:44 | Create | Villager (Male) |
| 12:12 | Build | Farm |
| 12:19 | Build | Farm |
| 12:41 | Build | Mining Camp |
| 13:29 | Build | Mining Camp |
| 13:54 | Age | Feudal Age |
| 14:05 | Build | Watch Tower |
| 14:24 | Build | Barracks |
| 15:59 | Research | Double-Bit Axe |
| 17:31 | Create | Villager (Male) |
| 17:32 | Create | Villager (Male) |
| 17:36 | Research | Wheelbarrow |
| 17:36 | Create | Villager (Male) |
| 17:36 | Create | Villager (Male) |
| 17:37 | Create | Villager (Male) |
| 17:37 | Create | Villager (Male) |
| 17:37 | Create | Villager (Male) |
| 18:20 | Create | Villager (Male) |
| 18:20 | Create | Villager (Male) |
| 19:31 | Build | Market |
| 19:58 | Build | Farm |
| 20:00 | Build | Farm |
| 20:02 | Build | Farm |
| 20:15 | Research | Horse Collar |
| 20:31 | Build | Blacksmith |
| 20:49 | Build | Farm |
| 20:59 | Build | Farm |
| 21:11 | Research | Stone Mining |
| 21:11 | Research | Gold Mining |
| 21:14 | Build | Farm |
| 21:21 | Build | House |
| 21:22 | Build | House |
| 21:26 | Build | House |
| 21:35 | Build | Farm |
| 22:16 | Create | Trade Cart |
| 22:16 | Create | Trade Cart |
| 22:29 | Build | Mining Camp |
| 22:59 | Create | Villager (Male) |
| 23:07 | Build | Farm |
| 23:14 | Build | Farm |
| 23:18 | Build | Farm |
| 23:54 | Research | Castle Age |
| 24:50 | Build | Archery Range |
| 24:52 | Build | Archery Range |
| 25:24 | Create | Skirmisher |
| 25:25 | Create | Skirmisher |
| 25:26 | Create | Skirmisher |
| 25:28 | Create | Skirmisher |
| 25:30 | Create | Skirmisher |
| 26:05 | Build | Farm |
| 26:33 | Create | Villager (Male) |
| 26:33 | Create | Villager (Male) |
| 26:33 | Create | Villager (Male) |
| 26:34 | Age | Castle Age |
| 26:46 | Build | Town Center |
| 27:09 | Build | Castle |
| 27:31 | Create | Villager (Male) |
| 27:32 | Create | Villager (Male) |
| 27:32 | Research | Hand Cart |
| 27:33 | Create | Villager (Male) |
| 27:33 | Create | Villager (Male) |
| 27:38 | Build | Farm |
| 28:13 | Build | Town Center |
| 28:25 | Create | Villager (Male) |
| 28:25 | Create | Villager (Male) |
| 28:26 | Create | Villager (Male) |
| 28:26 | Create | Villager (Male) |
| 28:26 | Create | Villager (Male) |
| 30:04 | Create | Villager (Male) |
| 30:04 | Create | Villager (Male) |
| 30:04 | Create | Villager (Male) |
| 30:04 | Create | Villager (Male) |
| 30:05 | Create | Villager (Male) |
| 30:08 | Create | Villager (Male) |
| 30:08 | Create | Villager (Male) |
| 30:11 | Create | Villager (Male) |
| 30:15 | Create | Villager (Male) |
| 30:15 | Create | Villager (Male) |
| 30:31 | Create | Trade Cart |
| 30:31 | Create | Trade Cart |
| 30:32 | Create | Trade Cart |
| 30:39 | Create | Trade Cart |
| 30:49 | Create | Villager (Male) |
| 30:50 | Create | Villager (Male) |
| 30:59 | Build | Farm |
| 31:05 | Build | Farm |
| 31:08 | Build | Farm |
| 31:12 | Build | Farm |
| 31:17 | Build | Farm |
| 31:24 | Build | Monastery |
| 31:36 | Create | Conquistador |
| 31:36 | Create | Conquistador |
| 31:37 | Create | Conquistador |
| 31:56 | Build | Farm |
| 32:03 | Build | Farm |
| 32:08 | Build | Farm |
| 32:12 | Create | Monk |
| 32:43 | Create | Villager (Male) |
| 32:44 | Create | Villager (Male) |
| 32:44 | Create | Villager (Male) |
| 32:44 | Create | Villager (Male) |
| 32:44 | Create | Villager (Male) |
| 32:45 | Create | Villager (Male) |
| 32:45 | Create | Villager (Male) |
| 32:50 | Research | Elite Skirmisher (upgrade) |
| 32:51 | Create | Skirmisher ×3 |
| 32:52 | Create | Skirmisher |
| 33:08 | Research | Padded Archer Armor |
| 33:41 | Research | Caravan |
| 33:41 | Research | Caravan |
| 33:43 | Create | Trade Cart |
| 33:43 | Create | Trade Cart |
Build order — Deepthroat
First 150 of 280 actions detected
| 0:04 | Build | House |
| 0:07 | Build | House |
| 0:09 | Research | Loom |
| 0:09 | Create | Villager (Male) |
| 0:10 | Create | Villager (Male) |
| 0:10 | Create | Villager (Male) |
| 0:28 | Create | Villager (Male) |
| 0:29 | Create | Villager (Male) |
| 1:51 | Build | Palisade Wall |
| 2:46 | Build | Palisade Gate |
| 4:27 | Create | Villager (Male) |
| 4:27 | Create | Villager (Male) |
| 5:26 | Create | Villager (Male) |
| 5:26 | Create | Villager (Male) |
| 5:26 | Create | Villager (Male) |
| 5:43 | Create | Villager (Male) |
| 5:44 | Create | Villager (Male) |
| 6:22 | Create | Villager (Male) |
| 6:35 | Create | Villager (Male) |
| 6:36 | Create | Villager (Male) |
| 6:36 | Create | Villager (Male) |
| 7:34 | Build | House |
| 7:36 | Build | House |
| 7:40 | Create | Villager (Male) |
| 7:40 | Create | Villager (Male) |
| 8:30 | Build | House |
| 9:25 | Build | Lumber Camp |
| 9:45 | Create | Villager (Male) |
| 9:46 | Create | Villager (Male) |
| 9:46 | Create | Villager (Male) |
| 10:54 | Build | Mill |
| 11:03 | Create | Villager (Male) |
| 11:03 | Create | Villager (Male) |
| 11:29 | Research | Feudal Age |
| 11:42 | Build | Mining Camp |
| 13:12 | Create | Villager (Male) |
| 13:12 | Create | Villager (Male) |
| 13:39 | Age | Feudal Age |
| 13:40 | Build | Mill |
| 14:20 | Create | Villager (Male) |
| 14:20 | Create | Villager (Male) |
| 14:52 | Build | Market |
| 15:10 | Build | House |
| 15:22 | Build | House |
| 15:32 | Build | Blacksmith |
| 15:36 | Create | Villager (Male) |
| 15:36 | Create | Villager (Male) |
| 16:14 | Build | Mining Camp |
| 16:31 | Build | House |
| 16:51 | Research | Castle Age |
| 17:14 | Build | Stone Wall |
| 17:19 | Build | Gate |
| 17:31 | Build | Farm |
| 17:45 | Build | Farm |
| 17:45 | Build | Farm |
| 17:45 | Build | Farm |
| 17:45 | Build | Farm |
| 17:46 | Build | Farm |
| 17:46 | Build | Farm |
| 18:14 | Research | Double-Bit Axe |
| 18:44 | Research | Horse Collar |
| 18:57 | Build | Farm |
| 19:20 | Build | Farm |
| 19:21 | Build | Farm |
| 19:21 | Build | Farm |
| 19:21 | Build | Farm |
| 19:31 | Age | Castle Age |
| 19:39 | Build | Farm |
| 19:42 | Create | Villager (Male) |
| 19:43 | Create | Villager (Male) |
| 19:43 | Create | Villager (Male) |
| 19:43 | Create | Villager (Male) |
| 20:03 | Build | Town Center |
| 20:09 | Create | Villager (Male) |
| 20:09 | Create | Villager (Male) |
| 20:34 | Create | Villager (Male) |
| 20:34 | Create | Villager (Male) |
| 21:02 | Create | Villager (Male) |
| 21:03 | Create | Villager (Male) |
| 21:11 | Build | Monastery |
| 21:53 | Create | Villager (Male) |
| 21:53 | Create | Villager (Male) |
| 21:54 | Create | Villager (Male) |
| 21:59 | Build | University |
| 22:45 | Create | Villager (Male) |
| 22:45 | Create | Villager (Male) |
| 22:46 | Create | Villager (Male) |
| 22:46 | Create | Villager (Male) |
| 22:56 | Create | Monk |
| 23:10 | Create | Villager (Male) |
| 23:10 | Create | Villager (Male) |
| 23:38 | Build | Lumber Camp |
| 23:56 | Create | Villager (Male) |
| 23:56 | Create | Villager (Male) |
| 24:00 | Build | Farm |
| 24:01 | Build | Farm |
| 24:13 | Build | Siege Workshop |
| 24:21 | Create | Villager (Male) |
| 24:21 | Create | Villager (Male) |
| 24:32 | Build | Town Center |
| 24:49 | Create | Mangonel |
| 25:15 | Create | Villager (Male) |
| 25:15 | Create | Villager (Male) |
| 25:15 | Create | Villager (Male) |
| 25:15 | Create | Villager (Male) |
| 25:41 | Research | Wheelbarrow |
| 25:42 | Research | Wheelbarrow |
| 26:11 | Build | Outpost |
| 26:17 | Research | Town Watch |
| 26:21 | Create | Villager (Male) |
| 26:21 | Create | Villager (Male) |
| 26:55 | Build | Outpost |
| 27:04 | Build | Farm |
| 27:07 | Create | Villager (Male) |
| 27:07 | Create | Villager (Male) |
| 27:08 | Create | Villager (Male) |
| 27:31 | Create | Villager (Male) |
| 27:31 | Create | Villager (Male) |
| 27:31 | Create | Villager (Male) |
| 27:32 | Create | Villager (Male) |
| 27:39 | Build | Outpost |
| 27:43 | Build | Farm |
| 27:46 | Create | Villager (Male) |
| 27:46 | Create | Villager (Male) |
| 28:04 | Build | House |
| 28:04 | Build | House |
| 28:04 | Build | House |
| 28:05 | Build | House |
| 28:05 | Build | House |
| 28:06 | Build | House |
| 28:06 | Build | House |
| 28:07 | Build | House |
| 28:07 | Build | House |
| 28:11 | Build | House |
| 28:11 | Build | House |
| 28:17 | Create | Villager (Male) |
| 28:17 | Create | Villager (Male) |
| 28:18 | Create | Villager (Male) |
| 28:22 | Build | House |
| 28:55 | Create | Villager (Male) |
| 28:55 | Create | Villager (Male) |
| 28:56 | Create | Villager (Male) |
| 28:56 | Create | Villager (Male) |
| 29:17 | Create | Villager (Male) |
| 29:17 | Create | Villager (Male) |
| 29:17 | Create | Villager (Male) |
| 29:35 | Create | Villager (Male) |
| 29:35 | Create | Villager (Male) |
| 29:56 | Research | Imperial Age |
| 30:01 | Build | Farm |
Build order — Rookie
129 actions detected in the replay
| 0:03 | Create | Villager (Male) |
| 0:04 | Create | Villager (Male) |
| 0:04 | Create | Villager (Male) |
| 0:05 | Create | Villager (Male) |
| 0:05 | Create | Villager (Male) |
| 0:07 | Build | House |
| 0:09 | Build | House |
| 1:43 | Create | Villager (Male) |
| 1:43 | Create | Villager (Male) |
| 2:07 | Create | Villager (Male) |
| 2:08 | Create | Villager (Male) |
| 2:33 | Create | Villager (Male) |
| 2:33 | Create | Villager (Male) |
| 2:34 | Create | Villager (Male) |
| 3:02 | Create | Villager (Male) |
| 3:02 | Create | Villager (Male) |
| 3:27 | Create | Villager (Male) |
| 3:28 | Create | Villager (Male) |
| 3:58 | Build | House |
| 4:01 | Build | Lumber Camp |
| 4:03 | Create | Villager (Male) |
| 4:25 | Create | Villager (Male) |
| 4:25 | Create | Villager (Male) |
| 4:25 | Create | Villager (Male) |
| 4:50 | Create | Villager (Male) |
| 4:51 | Create | Villager (Male) |
| 5:08 | Research | Loom |
| 6:33 | Create | Villager (Male) |
| 6:33 | Create | Villager (Male) |
| 6:38 | Build | House |
| 7:29 | Build | Mill |
| 7:49 | Create | Villager (Male) |
| 7:49 | Create | Villager (Male) |
| 7:49 | Create | Villager (Male) |
| 8:10 | Research | Feudal Age |
| 8:52 | Build | House |
| 8:54 | Create | Villager (Male) |
| 8:54 | Create | Villager (Male) |
| 9:45 | Build | Mining Camp |
| 10:24 | Age | Feudal Age |
| 10:29 | Build | Market |
| 10:54 | Build | Blacksmith |
| 11:00 | Create | Villager (Male) |
| 11:45 | Research | Castle Age |
| 12:14 | Build | Stone Wall |
| 12:34 | Research | Wheelbarrow |
| 13:01 | Create | Villager (Male) |
| 13:01 | Create | Villager (Male) |
| 13:02 | Create | Villager (Male) |
| 14:25 | Age | Castle Age |
| 14:26 | Build | Town Center |
| 14:31 | Build | Town Center |
| 14:34 | Create | Villager (Male) |
| 14:35 | Create | Villager (Male) |
| 14:37 | Build | Farm |
| 14:38 | Build | Farm |
| 14:39 | Build | Farm |
| 14:52 | Create | Villager (Male) |
| 15:11 | Build | House |
| 15:13 | Build | House |
| 15:39 | Build | Farm |
| 15:57 | Create | Villager (Male) |
| 15:57 | Create | Villager (Male) |
| 15:57 | Create | Villager (Male) |
| 16:20 | Create | Villager (Male) |
| 16:20 | Create | Villager (Male) |
| 16:47 | Build | Outpost |
| 16:50 | Build | Outpost |
| 16:54 | Build | Outpost |
| 17:03 | Create | Villager (Male) |
| 17:04 | Create | Villager (Male) |
| 17:04 | Create | Villager (Male) |
| 17:11 | Build | Farm |
| 17:12 | Build | Farm |
| 17:25 | Build | Farm |
| 17:25 | Build | Farm |
| 17:30 | Create | Villager (Male) |
| 17:30 | Create | Villager (Male) |
| 17:31 | Create | Villager (Male) |
| 17:50 | Build | Farm |
| 17:54 | Build | Farm |
| 17:58 | Create | Villager (Male) |
| 17:58 | Create | Villager (Male) |
| 17:58 | Create | Villager (Male) |
| 18:03 | Build | Farm |
| 18:22 | Create | Villager (Male) |
| 18:23 | Create | Villager (Male) |
| 18:23 | Create | Villager (Male) |
| 18:23 | Create | Villager (Male) |
| 18:33 | Build | Farm |
| 18:34 | Build | Farm |
| 18:36 | Build | Farm |
| 18:44 | Create | Villager (Male) |
| 18:45 | Create | Villager (Male) |
| 18:51 | Create | Villager (Male) |
| 19:15 | Build | House |
| 19:20 | Create | Villager (Male) |
| 19:20 | Create | Villager (Male) |
| 19:20 | Create | Villager (Male) |
| 19:21 | Create | Villager (Male) |
| 19:21 | Create | Villager (Male) |
| 44:23 | Create | Villager (Male) |
| 44:24 | Create | Villager (Male) |
| 44:24 | Create | Villager (Male) |
| 44:24 | Create | Villager (Male) |
| 44:25 | Create | Villager (Male) |
| 44:25 | Create | Villager (Male) |
| 44:26 | Create | Villager (Male) |
| 44:26 | Create | Villager (Male) |
| 44:26 | Create | Villager (Male) |
| 44:27 | Create | Villager (Male) |
| 44:28 | Create | Villager (Male) |
| 44:28 | Create | Villager (Male) |
| 44:28 | Create | Villager (Male) |
| 44:29 | Create | Villager (Male) |
| 44:29 | Create | Villager (Male) |
| 44:29 | Create | Villager (Male) |
| 44:30 | Create | Villager (Male) |
| 44:30 | Create | Villager (Male) |
| 44:30 | Create | Villager (Male) |
| 44:30 | Create | Villager (Male) |
| 44:31 | Create | Villager (Male) |
| 44:31 | Create | Villager (Male) |
| 44:32 | Create | Villager (Male) |
| 44:32 | Create | Villager (Male) |
| 44:32 | Create | Villager (Male) |
| 44:32 | Create | Villager (Male) |
| 44:33 | Create | Villager (Male) |
| 44:49 | Build | Castle |
Build order — Murtaent
First 150 of 451 actions detected
| 0:02 | Research | Loom |
| 0:03 | Create | Villager (Male) |
| 0:03 | Create | Villager (Male) |
| 0:03 | Create | Villager (Male) |
| 0:04 | Create | Villager (Male) |
| 0:09 | Build | Mill |
| 0:17 | Build | House |
| 0:18 | Build | House |
| 0:19 | Build | House |
| 1:49 | Create | Villager (Male) |
| 2:24 | Create | Villager (Male) |
| 2:40 | Create | Villager (Male) |
| 2:40 | Create | Villager (Male) |
| 3:14 | Create | Villager (Male) |
| 3:14 | Create | Villager (Male) |
| 3:31 | Create | Villager (Male) |
| 4:08 | Build | Lumber Camp |
| 4:11 | Create | Villager (Male) |
| 4:11 | Create | Villager (Male) |
| 4:34 | Create | Villager (Male) |
| 4:34 | Create | Villager (Male) |
| 5:04 | Create | Villager (Male) |
| 5:05 | Create | Villager (Male) |
| 5:32 | Create | Villager (Male) |
| 5:32 | Create | Villager (Male) |
| 5:41 | Build | House |
| 5:42 | Build | House |
| 5:45 | Create | Villager (Male) |
| 5:45 | Create | Villager (Male) |
| 6:03 | Create | Villager (Male) |
| 6:37 | Build | Mill |
| 6:50 | Create | Villager (Male) |
| 6:50 | Create | Villager (Male) |
| 7:26 | Create | Villager (Male) |
| 7:26 | Create | Villager (Male) |
| 7:53 | Create | Villager (Male) |
| 8:33 | Build | Barracks |
| 9:06 | Build | Mill |
| 9:30 | Create | Villager (Male) |
| 9:30 | Create | Villager (Male) |
| 9:37 | Create | Villager (Male) |
| 10:07 | Research | Feudal Age |
| 10:16 | Build | Mining Camp |
| 11:10 | Create | Villager (Male) |
| 11:10 | Create | Villager (Male) |
| 12:17 | Age | Feudal Age |
| 12:21 | Build | Blacksmith |
| 12:26 | Build | Mining Camp |
| 12:32 | Research | Wheelbarrow |
| 12:51 | Build | House |
| 12:55 | Build | House |
| 12:57 | Build | House |
| 13:03 | Create | Villager (Male) |
| 13:03 | Create | Villager (Male) |
| 13:04 | Create | Villager (Male) |
| 13:57 | Build | Mill |
| 15:30 | Build | Market |
| 15:34 | Create | Villager (Male) |
| 15:35 | Create | Villager (Male) |
| 16:14 | Build | Farm |
| 16:23 | Build | Farm |
| 16:33 | Research | Castle Age |
| 17:28 | Create | Villager (Male) |
| 17:29 | Create | Villager (Male) |
| 17:29 | Create | Villager (Male) |
| 17:39 | Research | Double-Bit Axe |
| 17:43 | Research | Horse Collar |
| 18:15 | Build | Lumber Camp |
| 18:27 | Build | Farm |
| 18:30 | Build | Farm |
| 19:13 | Age | Castle Age |
| 19:20 | Build | Town Center |
| 19:34 | Research | Bow Saw |
| 19:50 | Build | House |
| 19:51 | Build | House |
| 20:00 | Create | Villager (Male) |
| 20:00 | Create | Villager (Male) |
| 20:00 | Create | Villager (Male) |
| 20:15 | Build | Farm |
| 20:19 | Create | Villager (Male) |
| 20:19 | Create | Villager (Male) |
| 20:28 | Build | Monastery |
| 20:31 | Build | University |
| 20:41 | Build | Farm |
| 20:44 | Create | Villager (Male) |
| 20:44 | Create | Villager (Male) |
| 21:02 | Build | Farm |
| 21:20 | Build | Town Center |
| 21:25 | Create | Villager (Male) |
| 21:25 | Create | Villager (Male) |
| 21:25 | Create | Villager (Male) |
| 21:26 | Create | Villager (Male) |
| 21:44 | Create | Villager (Male) |
| 21:44 | Create | Villager (Male) |
| 21:44 | Create | Villager (Male) |
| 21:57 | Build | Stable |
| 21:59 | Build | Siege Workshop |
| 22:06 | Create | Villager (Male) |
| 22:06 | Create | Villager (Male) |
| 22:07 | Create | Villager (Male) |
| 22:10 | Create | Monk |
| 22:10 | Create | Monk |
| 22:10 | Create | Monk |
| 22:10 | Create | Monk |
| 22:14 | Build | Farm |
| 22:16 | Build | Farm |
| 22:20 | Build | Farm |
| 22:22 | Create | Villager (Male) |
| 22:22 | Create | Villager (Male) |
| 22:47 | Build | Town Center |
| 22:50 | Create | Villager (Male) |
| 22:50 | Create | Villager (Male) |
| 22:50 | Create | Villager (Male) |
| 22:56 | Build | Farm |
| 23:06 | Build | Farm |
| 23:19 | Create | Monk |
| 23:23 | Create | Villager (Male) |
| 23:23 | Create | Villager (Male) |
| 23:23 | Create | Villager (Male) |
| 23:28 | Build | Farm |
| 23:32 | Build | Farm |
| 23:35 | Create | Villager (Male) |
| 23:35 | Create | Villager (Male) |
| 23:39 | Build | Farm |
| 23:50 | Create | Villager (Male) |
| 23:50 | Create | Villager (Male) |
| 23:55 | Build | Farm |
| 23:57 | Build | Farm |
| 24:00 | Build | Farm |
| 24:03 | Create | Villager (Male) |
| 24:03 | Create | Villager (Male) |
| 24:22 | Create | Villager (Male) |
| 24:23 | Create | Villager (Male) |
| 24:23 | Create | Villager (Male) |
| 24:26 | Build | Farm |
| 24:28 | Build | Farm |
| 24:43 | Build | Archery Range |
| 25:10 | Build | House |
| 25:10 | Build | House |
| 25:10 | Build | House |
| 25:11 | Build | House |
| 25:17 | Build | Castle |
| 25:24 | Create | Villager (Male) |
| 25:24 | Create | Villager (Male) |
| 25:24 | Create | Villager (Male) |
| 25:31 | Create | Monk |
| 25:32 | Create | Monk |
| 26:19 | Create | Villager (Male) |
| 26:19 | Create | Villager (Male) |
| 26:20 | Create | Villager (Male) |
Match timeline
| 0:17 | Tuấn Anh · wall_segment Palisade Wall x15 |
| 0:59 | King Johan III · wall_segment Palisade Wall x18 |
| 1:00 | King Johan III · wall_segment Palisade Wall x1 |
| 1:31 | vevix22 · wall_segment Palisade Wall x11 |
| 1:36 | vevix22 · wall_segment Palisade Wall x11 |
| 1:40 | vevix22 · wall_segment Palisade Wall x5 |
| 1:51 | Deepthroat · wall_segment Palisade Wall x17 |
| 6:00 | AVADIFUX · wall_segment Palisade Wall x11 |
| 6:23 | vevix22 · wall_segment Palisade Wall x10 |
| 6:27 | Trakturek《🚜》Zetturek · wall_segment Palisade Wall x2 |
| 6:47 | King Johan III · first_building Barracks |
| 6:59 | Trakturek《🚜》Zetturek · wall_segment Palisade Wall x1 |
| 6:59 | Trakturek《🚜》Zetturek · wall_segment Palisade Wall x1 |
| 7:00 | Trakturek《🚜》Zetturek · wall_segment Palisade Wall x1 |
| 7:01 | Trakturek《🚜》Zetturek · wall_segment Palisade Wall x1 |
| 7:21 | King Johan III · wall_segment Palisade Wall x1 |
| 8:33 | Murtaent · first_building Barracks |
| 8:34 | vevix22 · wall_segment Palisade Wall x4 |
| 8:38 | AVADIFUX · wall_segment Palisade Wall x4 |
| 8:40 | vevix22 · wall_segment Palisade Wall x6 |
| 9:27 | vevix22 · wall_segment Palisade Wall x4 |
| 10:24 | Rookie · age_up feudal |
| 10:33 | vevix22 · wall_segment Palisade Wall x1 |
| 10:42 | vevix22 · wall_segment Palisade Wall x1 |
| 11:13 | vevix22 · wall_segment Palisade Wall x2 |
| 11:14 | vevix22 · wall_segment Palisade Wall x1 |
| 11:37 | Tuấn Anh · first_building Barracks |
| 12:14 | Rookie · wall_segment Stone Wall x11 |
| 12:17 | Murtaent · age_up feudal |
| 12:47 | King Johan III · age_up feudal |
| 13:31 | vevix22 · first_building Barracks |
| 13:39 | Deepthroat · age_up feudal |
| 13:54 | Trakturek《🚜》Zetturek · age_up feudal |
| 14:05 | Rookie · first_market_buy 100 stone |
| 14:08 | Tuấn Anh · age_up feudal |
| 14:24 | Trakturek《🚜》Zetturek · first_building Barracks |
| 14:25 | Rookie · age_up castle |
| 14:40 | Tuấn Anh · wall_segment Stone Wall x11 |
| 15:54 | Tuấn Anh · tribute_sent a jugador 1 |
| 15:54 | Tuấn Anh · tribute_sent a jugador 2 |
| 15:54 | Tuấn Anh · tribute_sent a jugador 3 |
| 15:54 | Tuấn Anh · tribute_sent a jugador 5 |
| 15:54 | Tuấn Anh · tribute_sent a jugador 6 |
| 15:54 | Tuấn Anh · tribute_sent a jugador 7 |
| 15:54 | Tuấn Anh · tribute_sent a jugador 8 |
| 16:22 | Tuấn Anh · first_market_buy 100 wood |
| 16:23 | Deepthroat · first_market_buy 100 food |
| 16:28 | Tuấn Anh · first_building Archery Range |
| 16:41 | Deepthroat · first_market_sell 100 wood |
| 16:56 | vevix22 · age_up feudal |
| 17:14 | Deepthroat · wall_segment Stone Wall x20 |
| 18:24 | AVADIFUX · wall_segment Palisade Wall x10 |
| 18:31 | AVADIFUX · age_up feudal |
| 19:13 | Murtaent · age_up castle |
| 19:31 | Deepthroat · age_up castle |
| 20:28 | Murtaent · first_building Monastery |
| 21:11 | Deepthroat · first_building Monastery |
| 21:33 | AVADIFUX · wall_segment Palisade Wall x1 |
| 21:57 | Murtaent · first_building Stable |
| 21:59 | Murtaent · first_building Siege Workshop |
| 22:30 | King Johan III · wall_segment Stone Wall x4 |
| 22:49 | Trakturek《🚜》Zetturek · first_market_buy 100 food |
| 22:50 | Trakturek《🚜》Zetturek · first_market_sell 100 stone |
| 23:11 | King Johan III · wall_segment Stone Wall x2 |
| 23:21 | King Johan III · wall_segment Stone Wall x1 |
| 24:10 | AVADIFUX · wall_segment Palisade Wall x1 |
| 24:13 | Deepthroat · first_building Siege Workshop |
| 24:25 | King Johan III · wall_segment Palisade Wall x1 |
| 24:43 | Murtaent · first_building Archery Range |
| 24:50 | Trakturek《🚜》Zetturek · first_building Archery Range |
| 25:17 | Murtaent · first_building Castle |
| 26:05 | Tuấn Anh · age_up castle |
| 26:09 | Tuấn Anh · first_building Castle |
| 26:22 | King Johan III · age_up castle |
| 26:34 | Trakturek《🚜》Zetturek · age_up castle |
| 27:09 | Trakturek《🚜》Zetturek · first_building Castle |
| 28:34 | vevix22 · age_up castle |
| 29:16 | King Johan III · first_market_buy 100 stone |
| 29:23 | King Johan III · first_building Castle |
| 29:33 | King Johan III · first_building Siege Workshop |
| 29:37 | King Johan III · first_building Monastery |
| 30:50 | Deepthroat · first_building Castle |
| 31:24 | Trakturek《🚜》Zetturek · first_building Monastery |
| 33:06 | Deepthroat · age_up imperial |
| 33:07 | Murtaent · age_up imperial |
| 34:21 | Trakturek《🚜》Zetturek · first_building Siege Workshop |
| 34:26 | Deepthroat · first_building Barracks |
| 34:55 | Trakturek《🚜》Zetturek · wall_segment Stone Wall x7 |
| 35:16 | AVADIFUX · age_up castle |
| 35:33 | AVADIFUX · first_building Barracks |
| 35:42 | Tuấn Anh · age_up imperial |
| 35:50 | vevix22 · first_building Monastery |
| 36:14 | Tuấn Anh · first_market_sell 500 wood |
| 36:14 | Murtaent · first_market_sell 100 wood |
| 36:16 | AVADIFUX · first_building Stable |
| 36:50 | Trakturek《🚜》Zetturek · first_building Stable |
| 37:03 | Trakturek《🚜》Zetturek · wall_segment Stone Wall x1 |
| 37:06 | Trakturek《🚜》Zetturek · wall_segment Stone Wall x7 |
| 37:09 | King Johan III · wall_segment Palisade Wall x9 |
| 37:17 | AVADIFUX · first_building Monastery |
| 37:24 | Tuấn Anh · first_building Siege Workshop |
| 37:29 | King Johan III · age_up imperial |
| 40:48 | Deepthroat · first_building Stable |
| 41:06 | vevix22 · age_up imperial |
| 41:49 | Trakturek《🚜》Zetturek · age_up imperial |
| 42:27 | King Johan III · resign |
| 43:02 | vevix22 · first_building Castle |
| 44:24 | vevix22 · first_building Krepost |
| 44:49 | Rookie · first_building Castle |
[ AI ANALYSIS · 1 CREDIT ]
What really happened in this match?
Wolo.gg analyzes every decision: build order, eco, micro, common mistakes by bracket. Personalized analysis on WhatsApp or Discord in 30 seconds.
Civ guide
Malay
Perfil
Jugador #25104808